 Dungeon Crawl Stone Soup version 0.31-a0-358-gac0dbeb3ab (webtiles) character file.

Game seed: 16306753048847580776

123 AIAndy the Ruffian (level 5, -13/17 HPs)
             Began as an Octopode Shapeshifter on July 25, 2023.
             Killed by divine providence
             ... invoked by an orc priest
              (16 damage)
             ... on level 4 of the Dungeon.
             The game lasted 00:06:38 (2534 turns).

AIAndy the Ruffian (Octopode Shapeshifter)          Turns: 2534, Time: 00:06:39

Health: -13/17     AC:  9    Str: 21    XL:     5   Next: 7%
Magic:  5/5        EV: 10    Int: 10    God:
Gold:   277        SH:  0    Dex: 13    Spells: 4/4 levels left

rFire   . .          .
                       - Unarmed
rCold   . . .        (shield currently unavailable)
rNeg    . . .        (helmet currently unavailable)
rPois   .            (no amulet)
rElec   .            (no ring)
rCorr   .            (no ring)
SInv    .            (no ring)
Will    .....        (no ring)
Stlth   +            (no ring)
HPRegen 0.22/turn    (no ring)
MPRegen 0.09/turn    (no ring)
                     (no ring)

%: no passive effects
@: snake-form
A: constrict, reduced hp, almost no armour, amphibious, 8 rings, large,
(camouflage 1), (gelatinous body 1), (nimble swimmer 1), (tentacles)
a: Begin Untransformation


You were on level 4 of the Dungeon.
You were an enormous anaconda.
You visited 1 branch of the dungeon, and saw 4 of its levels.

You collected 277 gold pieces.


Innate Abilities, Weirdness & Mutations

You are an enormous anaconda.
You have a powerful constriction melee attack.
Your maximum health is decreased, since you lack skill for your form.
Your armour is entirely melded.
You are incapable of wielding weapons or throwing items.
You cannot wear most types of armour.
You are amphibious.
You can wear up to eight rings at the same time.
((Your skin changes colour to match your surroundings (Stealth+).))
((Your rubbery body absorbs attacks. (AC +1, EV +1)))
((You are camouflaged when in or above water. (Stealth+)))
((You have tentacles for arms and can constrict up to eight enemies at once.))


   Skills:
 - Level 1.0 Fighting
 - Level 2.0 Dodging
 - Level 5.1 Unarmed Combat
 + Level 3.5 Shapeshifting


You had 4 spell levels left.
You didn't know any spells.
Your spell library contained the following spells:

 Spells                   Type           Power      Damage    Failure   Level
 Call Canine Familiar     Summ           0%         N/A       75%         3
 Portal Projectile        Hex/Tloc       0%         N/A       75%         3
 Leda's Liquefaction      Hex/Erth       0%         N/A       98%         4

Inventory:

Missiles
 g - 2 boomerangs
Jewellery
 C - a ring of ice
 H - an amulet of faith {!P}
Talismans
 b - a beast talisman
 r - a serpent talisman
Wands
 u - a wand of polymorph (11)
Scrolls
 c - 2 scrolls of acquirement {unknown}
 d - 2 scrolls of enchant armour {unknown}
 e - 6 scrolls of identify {unknown}
 f - a scroll of amnesia {unknown}
 h - a scroll of noise {unknown}
 i - 2 scrolls of teleportation {unknown}
 l - 2 scrolls of enchant weapon {unknown}
 m - 2 scrolls of torment {unknown}
 o - a scroll of butterflies {unknown}
 t - a scroll of brand weapon {unknown}
Potions
 a - a potion of lignification {!q}
 j - 2 potions of heal wounds {unknown}
 k - a potion of ambrosia {unknown}
 n - a potion of degeneration {unknown}
 p - a potion of mutation {unknown}
 q - a potion of cancellation {unknown}
 s - a potion of attraction {unknown}

Dungeon Overview and Level Annotations

Branches:
Dungeon (4/15)
 Temple: D:4-7

Altars:
Cheibriados
Fedhas
Nemelex Xobeh
Qazlal
Ru

#. ###.......##....#
...#.......o.o...#
.........o.o##...##
...##..†o#####o.## #
#.###.....###..o.#..
##.#.......o.........
#............##........
#.................>...
#...........S.........
#.....................
####......##........?....
#.......#.##.......S...
##......##.##...........
.....##.##......##......
.....#..##.....## ..##..
.....#........# ### ..
.†##...∩......#


You could see an orc priest, 3 orcs and a ball python (wandering).


Message History

The sleepcap is heavily damaged.
You constrict the sleepcap. The sleepcap misses you.
You lash the sleepcap!
You destroy the sleepcap!
You have reached level 5!
You feel agile.
You now have 277 gold pieces (gained 15).
An orc comes into view. It is wielding a +0 short sword.
Found a fuming red potion.
You lash the orc!
You kill the orc!
An orc comes into view. It is wielding a +0 trident.
Found a stone staircase leading down.
An orc comes into view. It is wielding a +0 long sword.
An orc comes into view. It is wielding a +0 hand axe.
Found a scroll labelled ZASKAETUKE.
The orc shouts!
The orc barely misses you.
An orc priest comes into view. It is wielding a +0 hand axe.
The orc priest shouts!
The orc priest calls down the wrath of Beogh upon you.
Beogh smites you!
Ouch! That really hurt!
* * * LOW HITPOINT WARNING * * *
Okay, then.
A ball python comes into view.
The orc priest invokes the aid of Beogh against you.
Beogh smites you!
Ouch! That really hurt!
You die...

Skill      XL: |  1  2  3  4 |
---------------+-------------+-----
Unarmed Combat | 4 5 |  5.1
Fighting       | |  1.0
Dodging        | |  2.0
Shapeshifting  | |  3.5

Action                     |  1- 3 |  4- 6 || total
---------------------------+-------+-------++-------
  Melee: Unarmed           |    63 |    46 ||   109
         Tentacles         |    12 |     8 ||    20
         Constrict         |    12 |    13 ||    25
         Punch             |     1 |     1 ||     2
   Stab: Sleeping          |    13 |     1 ||    14
         Paralysed         |       |     1 ||     1
 Armour: Skin              |     4 |     3 ||     7
  Dodge: Dodged            |    28 |    22 ||    50
   Form: Anaconda          |       |     1 ||     1

Levels and vault maps discovered:
D:1:      onia_arrival_handbag, layout_basic, serial_aquarium,
          aquarium_bridge_square [aquarium_subvault_bridge,
          aquarium_subvault_wall, aquarium_subvault_bridge,
          aquarium_subvault_bridge], aquarium_bridge_island_small
          [aquarium_subvault_small_water, aquarium_subvault_bridge,
          aquarium_subvault_bridge, aquarium_subvault_bridge,
          aquarium_subvault_wall], aquarium_window_1, aquarium_window_3,
          aquarium_window_fake, aquarium_view_2e, aquarium_view_2c,
          aquarium_pool_2, ebering_ecumenical_altar_box
D:2:      layout_basic, basic_altar
D:3:      minmay_inner_zag, layout_rooms, marbit_many_paths,
          nicolae_qazlal_style_of_elements, general_overflow_altar,
          nicolae_ru_great_annihilating_truth, corexii_corridor_pit,
          nrook_loot_triangle, hangedman_decor_push, hangedman_decor_slide_cut
D:4:      layout_cave_pools, elyvilon_altar_4, mainiacjoe_overflow_catwalk,
          mainiacjoe_overflow_alcove_4, abandoned_shop, uniq_sigmund,
          uniq_edmund

Notes
Turn   | Place    | Note
-------+----------+-------------------------------------------
     0 | D:1      | AIAndy the Octopode Shapeshifter began the quest for the
                  | Orb.
     0 | D:1      | Reached XP level 1. HP: 13/13 MP: 1/1
   140 | D:1      | Found a faded altar of an unknown god.
   211 | D:1      | Reached XP level 2. HP: 18/18 MP: 2/2
   438 | D:1      | Reached skill level 4 in Unarmed Combat
   537 | D:1      | Reached XP level 3. HP: 20/23 MP: 3/3
  1406 | D:2      | Found a snail-covered altar of Cheibriados.
  1631 | D:3      | Found a sacrificial altar of Ru.
  1640 | D:3      | Reached XP level 4. HP: 28/28 MP: 4/4
  1689 | D:3      | Reached skill level 5 in Unarmed Combat
  1791 | D:3      | Found a sparkling altar of Nemelex Xobeh.
  1834 | D:3      | Noticed an earth elemental
  1836 | D:3      | Found a stormy altar of Qazlal.
  1839 | D:3      | Noticed a water elemental
  1844 | D:3      | Noticed an air elemental
  1849 | D:3      | Noticed a fire elemental
  1873 | D:3      | Found a blossoming altar of Fedhas.
  2494 | D:4      | Reached XP level 5. HP: 6/33 MP: 5/5
  2524 | D:4      | HP: 1/17 [orc priest/divine providence (12)]
  2534 | D:4      | Killed from afar by an orc priest

Vanquished Creatures
  A sleepcap (D:4)
  An adder (D:3)
  2 worms
  2 dart slugs
  6 orcs
  4 endoplasms
  2 giant cockroaches (D:3)
  7 goblins
  9 hobgoblins
  2 jackals (D:2)
  3 quokkas
  9 ball pythons
  5 bats
  6 frilled lizards
  5 kobolds
  7 rats
71 creatures vanquished.

Table legend: (Time is in decaauts)
 A = Elapsed time spent in this place.
 B = Non-inter-level travel time spent in this place.
 C = Inter-level travel time spent in this place.
 D = Time resting spent in this place.
 E = Time spent auto-exploring this place.
 F = Levels seen in this place.
 G = Mean time per level.
                   A        B        C        D        E       F      G
               +--------+--------+--------+--------+--------+-----+--------+
         Total |   2524 |   2356 |    168 |     40 |   1819 |   4 |  631.0 |
       Dungeon |   2524 |   2356 |    168 |     40 |   1819 |   4 |  631.0 |
               +--------+--------+--------+--------+--------+-----+--------+

Top non-repeatable levels by time:
     D:2: 1092 daAuts
     D:3: 747 daAuts
     D:1: 592 daAuts
     D:4: 91 daAuts

Table legend:
 A = Non-vault XP
 B = Vault XP
 C = Vault XP percentage of total XP
 D = Non-vault monster count
 E = Vault monster count
 F = Vault count percentage of total count
                 A         B        C        D         E       F
            +---------+---------+-------+---------+---------+-------
      Total |     142 |      34 |  19.3 |      58 |      13 |  18.3
            +---------+---------+-------+---------+---------+-------
        D:1 |      31 |       4 |  11.4 |      16 |       4 |  20.0
        D:2 |      37 |       0 |   0.0 |      22 |       0 |   0.0
        D:3 |      29 |      30 |  50.8 |      15 |       9 |  37.5
        D:4 |      45 |       0 |   0.0 |       5 |       0 |   0.0
            +---------+---------+-------+---------+---------+-------
